SAAA
AUGUSTA TIMBER HAWKS @ MEMPHIS REDBIRDS
07/20/2037
 
TOP OF THE 1ST
Augusta Timber Hawks batting - Pitching for Memphis Redbirds : RHP Seung-soo Yi
Pitching: RHP Seung-soo Yi
Batting: LHB Carlos Medellín 0-0: Foul Ball, location: 2F
0-1: Foul Ball, location: 2F
0-2: Strikes out swinging
Batting: LHB Connor Petty 0-0: Ball
1-0: Ball
2-0: Foul Ball, location: 2F
2-1: Fly out, F8 (Line Drive, 8LD, EV 91.9 MPH)
Batting: RHB Jesús Recesvinto 0-0: Ball
1-0: SINGLE (Flyball, 9S, EV 86.9 MPH)
Batting: LHB Seung-soo Ch'ae 0-0: Called Strike
0-1: Ball
1-1: SINGLE (Line Drive, 4MD, EV 101.9 MPH)
Jesús Recesvinto to second
Runner from 2nd tries for 3rd, SAFE, no throw by CF
Batting: RHB Pat Lloyd Pickoff Throw to First - Error! E1
Jesús Recesvinto scores
Seung-soo Ch'ae to second
0-0: Foul Ball, location: 2F
0-1: Called Strike
0-2: Strikes out looking
Top of the 1st over - 1 run, 2 hits, 1 error, 1 left on base; Augusta 1 - Memphis 0
BOTTOM OF THE 1ST
Memphis Redbirds batting - Pitching for Augusta Timber Hawks : LHP Alfredo Córdova
Pitching: LHP Alfredo Córdova
Batting: LHB Bob Sanders 0-0: Ground out 4-3 (Groundball, 34, EV 106.9 MPH)
Batting: RHB Ken Barger 0-0: Called Strike
0-1: Foul Ball, location: 2F
0-2: Foul Ball, location: 2F
0-2: Ball
1-2: SINGLE (Flyball, 89S, EV 93.1 MPH)
Batting: RHB Cornelio Japón 0-0: Foul Ball, location: 2F
0-1: Ball
1-1: Ball
2-1: Ball
3-1: Base on Balls
Ken Barger to second
Batting: RHB Alco Compagne 0-0: Ball
1-0: SINGLE (Groundball, 34D, EV 95.6 MPH)
Ken Barger to third
Cornelio Japón to second
Runner from 3rd tries for Home, SAFE, throw by RF to home
Batting: SHB Roger Dorn 0-0: Ball
1-0: SINGLE (Groundball, 3D, EV 100.0 MPH)
Cornelio Japón to third
Alco Compagne to second
Batting: RHB Diego Martínez 0-0: Called Strike
0-1: Called Strike
0-2: Ball
1-2: Reached on error, E5 (Groundball, 56S, EV 68.8 MPH)
Cornelio Japón scores
Alco Compagne to third
Roger Dorn to second
Batting: RHB Hamilton Swan 0-0: Swinging Strike
0-1: Grounds into double play, 4-6-3 (Groundball, 4M, EV 101.9 MPH)
Bottom of the 1st over - 2 runs, 3 hits, 1 error, 2 left on base; Augusta 1 - Memphis 2
TOP OF THE 2ND
Augusta Timber Hawks batting - Pitching for Memphis Redbirds : RHP Seung-soo Yi
Batting: LHB Randy Sallah 0-0: Called Strike
0-1: Foul Ball, location: 2F
0-2: Ball
1-2: Foul Ball, location: 2F
1-2: Fly out, F9 (Line Drive, 9, EV 86.2 MPH)
Batting: RHB David Martínez 0-0: Called Strike
0-1: Ball
1-1: Called Strike
1-2: Ball
2-2: Foul Ball, location: 2F
2-2: SINGLE (Line Drive, 8LS, EV 97.5 MPH)
Batting: LHB Mike Goff 0-0: Foul Ball, location: 2F
0-1: Swinging Strike
0-2: Strikes out swinging
Batting: RHB Pat Sizemore 0-0: Ball
1-0: Swinging Strike
1-1: Called Strike
1-2: Strikes out swinging, 2-3 out at first.
Top of the 2nd over - 0 runs, 1 hit, 0 errors, 1 left on base; Augusta 1 - Memphis 2
BOTTOM OF THE 2ND
Memphis Redbirds batting - Pitching for Augusta Timber Hawks : LHP Alfredo Córdova
Batting: SHB Chris Piña 0-0: Called Strike
0-1: Ball
1-1: Foul Ball, location: 2F
1-2: Foul Ball, location: 2F
1-2: Strikes out swinging
Batting: SHB Alejandro Arizméndiz 0-0: Foul Ball, location: 2F
0-1: Foul Ball, location: 2F
0-2: Strikes out looking
Batting: LHB Bob Sanders 0-0: Called Strike
0-1: Swinging Strike
0-2: Foul Ball, location: 2F
0-2: Ball
1-2: Ball
2-2: Foul Ball, location: 2F
2-2: Ball
3-2: Base on Balls
Batting: RHB Ken Barger 0-0: Ball
1-0: Foul Ball, location: 2F
1-1: Ball
2-1: Ball
3-1: Ground out 4-3 (Groundball, 4, EV 94.4 MPH)
Bottom of the 2nd over - 0 runs, 0 hits, 0 errors, 1 left on base; Augusta 1 - Memphis 2
TOP OF THE 3RD
Augusta Timber Hawks batting - Pitching for Memphis Redbirds : RHP Seung-soo Yi
Batting: LHB Carlos Medellín 0-0: Ball
1-0: Called Strike
1-1: Foul Ball, location: 2F
1-2: Fly out, F5 (Popup, 5F, EV 65.6 MPH)
Batting: LHB Connor Petty 0-0: Ball
1-0: Called Strike
1-1: Called Strike
1-2: Ball
2-2: Fly out, F7 (Line Drive, 7, EV 93.8 MPH)
Batting: RHB Jesús Recesvinto 0-0: Ball
1-0: Called Strike
1-1: Foul Ball, location: 2F
1-2: Ball
2-2: Strikes out swinging
Top of the 3rd over - 0 runs, 0 hits, 0 errors, 0 left on base; Augusta 1 - Memphis 2
BOTTOM OF THE 3RD
Memphis Redbirds batting - Pitching for Augusta Timber Hawks : LHP Alfredo Córdova
Batting: RHB Cornelio Japón 0-0: Ball
1-0: Ground out 5-3 (Groundball, 56S, EV 83.8 MPH)
Batting: RHB Alco Compagne 0-0: Ball
1-0: Ball
2-0: Ball
3-0: Base on Balls
Batting: SHB Roger Dorn 0-0: Ball
1-0: Called Strike
1-1: Foul Ball, location: 2F
1-2: Strikes out looking
Batting: RHB Diego Martínez 0-0: Ball
1-0: Ball
2-0: Ball
3-0: Called Strike
3-1: Foul Ball, location: 2F
3-2: Base on Balls
Alco Compagne to second
Batting: RHB Hamilton Swan 0-0: Called Strike
0-1: Ground out 4-3 (Groundball, 4, EV 103.1 MPH)
Bottom of the 3rd over - 0 runs, 0 hits, 0 errors, 2 left on base; Augusta 1 - Memphis 2
TOP OF THE 4TH
Augusta Timber Hawks batting - Pitching for Memphis Redbirds : RHP Seung-soo Yi
Batting: LHB Seung-soo Ch'ae 0-0: Ball
1-0: Ground out 5-3 (Groundball, 5, EV 86.2 MPH)
Batting: RHB Pat Lloyd 0-0: Ball
1-0: Called Strike
1-1: Ball
2-1: Reached on error, E5 (Groundball, 5L, EV 96.9 MPH)
Pitching: LHP Esteban Allucingoli
Batting: LHB Randy Sallah 0-0: Ball
1-0: Ball
2-0: Ball
3-0: Called Strike
3-1: Foul Ball, location: 2F
3-2: Foul Ball, location: 2F
3-2: Foul Ball, location: 2F
3-2: Ground out U3 (Groundball, 3, EV 82.5 MPH)
Pat Lloyd to third
Batting: RHB David Martínez 0-0: DOUBLE (Groundball, 5L, EV 102.5 MPH)
Pat Lloyd scores
Batting: LHB Mike Goff 0-0: Ball
1-0: Foul Ball, location: 2F
1-1: Foul Ball, location: 2F
1-2: Strikes out swinging
Top of the 4th over - 1 run, 1 hit, 1 error, 1 left on base; Augusta 2 - Memphis 2
BOTTOM OF THE 4TH
Memphis Redbirds batting - Pitching for Augusta Timber Hawks : LHP Alfredo Córdova
Batting: SHB Chris Piña 0-0: Ground out 5-3 (Groundball, 5S, EV 68.8 MPH)
Batting: SHB Alejandro Arizméndiz 0-0: Foul Ball, location: 2F
0-1: Ball
1-1: Ground out 6-3 (Groundball, 6, EV 85.0 MPH)
Batting: LHB Bob Sanders 0-0: Foul Ball, location: 2F
0-1: Ground out 6-3 (Groundball, 6M, EV 101.9 MPH)
Bottom of the 4th over - 0 runs, 0 hits, 0 errors, 0 left on base; Augusta 2 - Memphis 2
TOP OF THE 5TH
Augusta Timber Hawks batting - Pitching for Memphis Redbirds : LHP Esteban Allucingoli
Batting: RHB Pat Sizemore 0-0: Foul Ball, location: 2F
0-1: Swinging Strike
0-2: Strikes out swinging
Batting: LHB Carlos Medellín 0-0: Ball
1-0: Ball
2-0: Called Strike
2-1: Swinging Strike
2-2: Foul Ball, location: 2F
2-2: Ground out 4-3 (Groundball, 4, EV 98.8 MPH)
Batting: LHB Connor Petty 0-0: Swinging Strike
0-1: Ball
1-1: Ball
2-1: Ball
3-1: Called Strike
3-2: Base on Balls
Batting: RHB Jesús Recesvinto 0-0: Swinging Strike
0-1: Fielders Choice at 2nd, 5-4 (Groundball, 5, EV 86.2 MPH)
Top of the 5th over - 0 runs, 0 hits, 0 errors, 1 left on base; Augusta 2 - Memphis 2
BOTTOM OF THE 5TH
Memphis Redbirds batting - Pitching for Augusta Timber Hawks : LHP Alfredo Córdova
Batting: RHB Ken Barger 0-0: Fly out, F8 (Flyball, 89M, EV 85.6 MPH)
Batting: RHB Cornelio Japón 0-0: Ball
1-0: Fly out, F8 (Flyball, 8LS, EV 90.6 MPH)
Batting: RHB Alco Compagne 0-0: Foul Ball, location: 2F
0-1: Ball
1-1: Ground out U3 (Groundball, 3, EV 91.9 MPH)
Bottom of the 5th over - 0 runs, 0 hits, 0 errors, 0 left on base; Augusta 2 - Memphis 2
TOP OF THE 6TH
Augusta Timber Hawks batting - Pitching for Memphis Redbirds : LHP Esteban Allucingoli
Batting: LHB Seung-soo Ch'ae 0-0: Called Strike
0-1: Ball
1-1: Ball
2-1: Ball
3-1: Base on Balls
Batting: RHB Pat Lloyd 0-0: SINGLE (Line Drive, 3, EV 98.1 MPH)
Seung-soo Ch'ae to second
Batting: LHB Randy Sallah 0-0: Called Strike
0-1: Fielders Choice at 2nd, 4-6 (Groundball, 34, EV 101.9 MPH)
Seung-soo Ch'ae to third
Batting: RHB David Martínez 0-0: Ball
1-0: Ball
2-0: Ground out U3 (Groundball, 3S, EV 65.0 MPH)
Seung-soo Ch'ae scores
Randy Sallah to second
Batting: LHB Mike Goff 0-0: Swinging Strike
0-1: Ball
1-1: Ball
2-1: Swinging Strike
2-2: Ball
3-2: Ground out 4-3 (Groundball, 4, EV 87.5 MPH)
Top of the 6th over - 1 run, 1 hit, 0 errors, 1 left on base; Augusta 3 - Memphis 2
BOTTOM OF THE 6TH
Memphis Redbirds batting - Pitching for Augusta Timber Hawks : LHP Alfredo Córdova
Batting: SHB Roger Dorn 0-0: Called Strike
0-1: Ball
1-1: Called Strike
1-2: Ball
2-2: Ball
3-2: Base on Balls
Batting: RHB Diego Martínez 0-0: Fielders Choice at 2nd, 6-4 (Groundball, 56, EV 91.9 MPH)
Batting: RHB Hamilton Swan 0-0: Foul Ball, location: 2F
0-1: Ball
1-1: Foul Ball, location: 2F
1-2: Ball
2-2: Ball
3-2: Foul Ball, location: 2F
3-2: Foul Ball, location: 2F
3-2: 2-RUN HOME RUN (Line Drive, 9D, EV 107.5 MPH), Distance : 369 ft
Batting: SHB Chris Piña 0-0: Foul Ball, location: 2F
0-1: Ball
1-1: Swinging Strike
1-2: Foul Ball, location: 2F
1-2: Foul Ball, location: 2F
1-2: Foul Ball, location: 2F
1-2: Ball
2-2: Foul Ball, location: 2F
2-2: Strikes out swinging
Pitching: RHP Brian Krick
Batting: SHB Alejandro Arizméndiz 0-0: Ball
1-0: Ball
2-0: Ball
3-0: Called Strike
3-1: Fly out, F8 (Flyball, 8LD, EV 102.5 MPH)
Bottom of the 6th over - 2 runs, 1 hit, 0 errors, 0 left on base; Augusta 3 - Memphis 4
TOP OF THE 7TH
Augusta Timber Hawks batting - Pitching for Memphis Redbirds : LHP Esteban Allucingoli
Batting: RHB Pat Sizemore 0-0: Ball
1-0: Called Strike
1-1: Fly out, F8 (Line Drive, 8RD, EV 90.6 MPH)
Batting: LHB Carlos Medellín 0-0: Ground out 4-3 (Groundball, 4, EV 81.9 MPH)
Batting: LHB Connor Petty 0-0: Foul Ball, location: 2F
0-1: Ball
1-1: Ball
2-1: Ball
3-1: Ground out 6-3 (Groundball, 6, EV 103.8 MPH)
Top of the 7th over - 0 runs, 0 hits, 0 errors, 0 left on base; Augusta 3 - Memphis 4
BOTTOM OF THE 7TH
Memphis Redbirds batting - Pitching for Augusta Timber Hawks : RHP Brian Krick
Batting: LHB Bob Sanders 0-0: Called Strike
0-1: Ball
1-1: Fly out, F4 (Line Drive, 4, EV 70.6 MPH)
Batting: RHB Ken Barger 0-0: Ball
1-0: Fly out, F9 (Flyball, 9S, EV 81.9 MPH)
Batting: RHB Cornelio Japón 0-0: Called Strike
0-1: Ball
1-1: Swinging Strike
1-2: Foul Ball, location: 2F
1-2: Ball
2-2: Foul Ball, location: 2F
2-2: Foul Ball, location: 2F
2-2: Ground out 1-3 (Groundball, P, EV 73.8 MPH)
Bottom of the 7th over - 0 runs, 0 hits, 0 errors, 0 left on base; Augusta 3 - Memphis 4
TOP OF THE 8TH
Augusta Timber Hawks batting - Pitching for Memphis Redbirds : LHP Esteban Allucingoli
Pitching: RHP Sheldon Whiteside
Batting: RHB Jesús Recesvinto 0-0: Called Strike
0-1: Called Strike
0-2: Strikes out looking
Batting: LHB Seung-soo Ch'ae 0-0: Ball
1-0: Ball
2-0: Fly out, F7 (Flyball, 7LS, EV 81.2 MPH)
Batting: RHB Pat Lloyd 0-0: Ground out 6-3 (Groundball, 56, EV 85.6 MPH)
Top of the 8th over - 0 runs, 0 hits, 0 errors, 0 left on base; Augusta 3 - Memphis 4
BOTTOM OF THE 8TH
Memphis Redbirds batting - Pitching for Augusta Timber Hawks : RHP Brian Krick
Batting: RHB Alco Compagne 0-0: Ball
1-0: Called Strike
1-1: Ball
2-1: Foul Ball, location: 2F
2-2: Foul Ball, location: 2F
2-2: Ball
3-2: Base on Balls
Batting: SHB Roger Dorn 0-0: Swinging Strike
0-1: Swinging Strike
0-2: Ball
1-2: Ball
2-2: Strikes out looking
Batting: RHB Diego Martínez 0-0: Called Strike
0-1: Ball
1-1: Ball
2-1: Foul Ball, location: 2F
2-2: Strikes out swinging
Batting: RHB Hamilton Swan 0-0: Ball
1-0: Swinging Strike
1-1: DOUBLE (Groundball, 3L, EV 105.0 MPH)
Alco Compagne to third
Batting: SHB Chris Piña 0-0: Foul Ball, location: 2F
0-1: Foul Ball, location: 2F
0-2: Ball
1-2: Strikes out looking
Bottom of the 8th over - 0 runs, 1 hit, 0 errors, 2 left on base; Augusta 3 - Memphis 4
TOP OF THE 9TH
Augusta Timber Hawks batting - Pitching for Memphis Redbirds : RHP Sheldon Whiteside
Pitching: LHP I-tsing Ts'ong
Now in RF: Nathan Housden
Batting: LHB Randy Sallah 0-0: Ball
1-0: Fly out, F8 (Flyball, 8RD, EV 75.6 MPH)
Batting: RHB David Martínez 0-0: Called Strike
0-1: Ball
1-1: Called Strike
1-2: Fly out, F8 (Flyball, 8RM, EV 77.5 MPH)
Batting: LHB Mike Goff 0-0: Ball
1-0: Ball
2-0: Called Strike
2-1: Ball
3-1: Foul Ball, location: 2F
3-2: Strikes out swinging
Top of the 9th over - 0 runs, 0 hits, 0 errors, 0 left on base; Augusta 3 - Memphis 4
Thursday, January 23rd, 2020 - OOTP Baseball 20.8 Build 74